 Dungeon Crawl Stone Soup version 0.30-a0-760-g5a9884bb7c (webtiles) character file.

Game seed: 16082011971584681724

20108 cforsyth the Summoner (level 12, -20/76 HPs)
             Began as a Tengu Summoner on Feb 12, 2023.
             Was an Initiate of Gozag.
             Demolished by a minotaur
             ... wielding the +1 great mace of Division {heavy, *Rage rElec rC+ Dex+2 Stlth+}
              (31 damage)
             ... in a Gauntlet.
             The game lasted 01:04:29 (18775 turns).

cforsyth the Summoner (Tengu Summoner)             Turns: 18775, Time: 01:04:30

Health: -20/76     AC:  6    Str: 10    XL:     12   Next: 76%
Magic:  8/27       EV: 24    Int: 19    God:    Gozag
Gold:   2296       SH:  5    Dex: 21    Spells: 14/32 levels left

rFire   . . .      SeeInvis .    (no weapon)
rCold   . . .      Faith    .    (no shield)
rNeg    . . .      Spirit   .    H - +2 robe {Will+}
rPois   .          Reflect  +    (helmet restricted)
rElec   .          Harm     .    (no cloak)
rCorr   .          Rampage  .    t - +1 pair of gloves
Will    +....      NoTele   +    (boots unavailable)
Stlth   ++                       A - amulet of reflection
HPRegen 0.32/turn                g - +6 ring of dexterity
MPRegen 0.20/turn                J - ring of wizardry

@: flying quickly and evasively, very slightly contaminated, hasted and slowed,
quick
A: beak, talons 3, nimble flight
a: Renounce Religion, Potion Petition, Call Merchant, Bribe Branch


You were in a Gauntlet.
You worshipped Gozag.
Gozag was most pleased with you.
You visited 3 branches of the dungeon, and saw 14 of its levels.
You also visited: Gauntlet.

You collected 3005 gold pieces.
You paid 709 gold pieces to Gozag.

Inventory:

Armour
 t - a +1 pair of gloves (worn)
 H - a +2 robe of willpower (worn)
Jewellery
 g - a +6 ring of dexterity (left hand)
 n - a +6 ring of dexterity
 s - a ring of resist corrosion
 y - the amulet "Fauritad" {Faith rN+ Int-2 SInv}
   (You found it in a Gauntlet)

   [amulet of faith]

   It allows you to gain divine favour quickly.
   Int:       It affects your intelligence (-2).
   rN:        It protects you from negative energy.
   SInv:      It lets you see invisible.
 A - an amulet of reflection (around neck)
 E - a +5 ring of evasion
 J - a ring of wizardry (right hand)
 K - a +6 ring of strength
 L - an amulet of the acrobat
 M - an amulet of regeneration
 N - a ring of fire
 O - the ring "Weral" {rF+ rCorr Str+2 Slay-4}
   (You found it in a Gauntlet)

   [ring of resist corrosion]

   Str:       It affects your strength (+2).
   Slay:      It affects your accuracy & damage with ranged weapons and melee
   (-4).
   rF:        It protects you from fire.
   rCorr:     It protects you from acid and corrosion.
Wands
 m - a wand of charming (1)
 r - a wand of flame (15)
 v - a wand of digging (3)
 w - a wand of light (20)
 G - a wand of polymorph (8)
Scrolls
 c - 6 scrolls of enchant armour
 d - a scroll of amnesia
 j - 3 scrolls of teleportation
 k - 3 scrolls of fog
 p - 2 scrolls of poison
 q - a scroll of vulnerability
 x - 2 scrolls of magic mapping
 B - 2 scrolls of silence
 C - a scroll of blinking
 D - 2 scrolls of immolation
 F - 2 scrolls of fear
 I - 2 scrolls of summoning
Potions
 a - 2 potions of cancellation
 b - a potion of magic
 e - a potion of mutation
 f - 3 potions of might
 h - 9 potions of curing
 i - 4 potions of brilliance
 l - a potion of invisibility {unknown}
 o - 4 potions of heal wounds
 u - 8 potions of attraction


   Skills:
 + Level 9.6 Fighting
 + Level 10.7 Dodging
 - Level 2.0 Stealth
 - Level 10.6 Spellcasting
 - Level 14.2 Summonings


You had 14 spell levels left.
You knew the following spells:

 Your Spells              Type           Power      Damage    Failure   Level
a - Summon Small Mammal   Summ           100%       N/A       0%          1
b - Call Imp              Summ           59%        N/A       1%          2
c - Call Canine Familiar  Summ           59%        N/A       1%          3
d - Summon Guardian Gole  Hex/Summ       37%        N/A       1%          3
e - Summon Lightning Spi  Summ/Air       37%        N/A       1%          4
h - Summon Mana Viper     Hex/Summ       37%        N/A       4%          5

Your spell library contained the following spells:

 Spells                   Type           Power      Damage    Failure   Level
 Animate Armour           Summ/Erth      74%        N/A       1%          4
 Summon Ice Beast         Ice/Summ       37%        N/A       1%          4
 Kiss of Death            Conj/Necr      40%        2d8       2%          1
 Magic Dart               Conj           40%        1d5       2%          1
 Necrotise                Necr           40%        1d6       2%          1
 Sting                    Tmut/Pois      40%        1d5       2%          1
 Ensorcelled Hibernation  Hex/Ice        20%        N/A       4%          2
 Passwall                 Tmut/Erth      8%         N/A       4%          2
 Poisonous Vapours        Pois/Air       20%        N/A       4%          2
 Monstrous Menagerie      Summ           29%        N/A       7%          7
 Confusing Touch          Hex            10%        N/A       9%          3
 Mephitic Cloud           Conj/Pois/Air  10%        N/A       9%          3
 Swiftness                Air            10%        N/A       9%          3
 Vampiric Draining        Necr           10%        2d6       9%          3
 Dispel Undead            Necr           10%        3d9       26%         4
 Olgreb's Toxic Radiance  Pois           10%        N/A       26%         4
 Agony                    Necr           10%        N/A       58%         5
 Blade Hands              Tmut           5%         N/A       58%         5
 Iron Shot                Conj/Erth      5%         9d2       98%         6


Dungeon Overview and Level Annotations

Branches:
Dungeon (11/15)            Temple (1/1) D:4            Lair (2/5) D:9
 Shoals (0/4) Lair:2        Snake (0/4) Lair:2          Orc (0/2) D:9
Gauntlet (1/1)

Altars:
Cheibriados
Gozag
Hepliaklqana
Kikubaaqudgha
Makhleb
Nemelex Xobeh
Okawaru
Ru
Sif Muna
Trog
Uskayaw
Vehumet
Wu Jian
Xom
Zin
The Shining One

Shops:
D:1 :(   D:5 =   D:7 (   D:9 :*   D:10 !

Annotations:
Lair:1 1 runed translucent door, pigah's ghost, journeyman OpWn Gauntlet 6 transporters, exclusion: ice statue


Innate Abilities, Weirdness & Mutations

You have a beak for a mouth.
You have claws for feet.
Your magical nature lets you fly swiftly and evasively.


Message History

Found a gate leading back out of this place.
Casting: Call Canine Familiar (safe; 1% risk of failure)
Confirm with . or Enter, or press ? or * to list all spells.
You miscast Summon Mana Viper.
You are very lightly contaminated with residual magic.
You feel a bit tired.
You feel yourself slow down.
Casting: Summon Mana Viper (dangerous; 4% risk of failure)
Confirm with . or Enter, or press ? or * to list all spells.
A mana viper appears with a sibilant hiss.
The minotaur hits your warg with the +1 great mace of Division {heavy, *Rage rElec rC+ Dex+2 Stlth+}!
The minotaur gores your warg!!
Your warg dies!
Your warg's corpse disappears in a puff of smoke!
What are your orders? t - Shout!
Orders for allies: a - Attack new target. r - Retreat! s - Stop attacking. g - Guard the area. f - Follow me.
Anything else - Cancel.
Gang up on whom?
Press: ? - help, Dir - move target, f - minotaur
Aim: a minotaur, wielding the +1 great mace of Division {heavy, *Rage rElec rC+ Dex+2 Stlth+}, wearing a +0 plate armour and quivering javelins (ally target) Attack!
The minotaur goes berserk!
The minotaur hits your mana viper with the +1 great mace of Division {heavy, *Rage rElec rC+ Dex+2 Stlth+}!!!
Your mana viper dies!
Your mana viper disappears in a puff of smoke!
Casting: Summon Mana Viper (dangerous; 4% risk of failure)
Confirm with . or Enter, or press ? or * to list all spells.
A guardian golem appears, shielding your allies.
Casting: Summon Guardian Golem (safe; 1% risk of failure)
Confirm with . or Enter, or press ? or * to list all spells.
A mana viper appears with a sibilant hiss.
The minotaur completely misses you. The minotaur gores you!!
You feel yourself speed up.
The minotaur hits you with the +1 great mace of Division {heavy, *Rage rElec rC+ Dex+2 Stlth+}!
* * * LOW HITPOINT WARNING * * *
You block the minotaur's attack.
The minotaur hits you with the +1 great mace of Division {heavy, *Rage rElec rC+ Dex+2 Stlth+}!!
You die...
Your body crumbles into a pile of gold.

##### ≈≈≈ ≈∩≈ ...
##.## 9..
#######H#######
#......@S.....#
#.###.###.###.#
#.###.###.###.#
#.............#
###.###.###.###
####.###.###.####
#...............#
#...............#
#####......######


You could see a minotaur (berserk, ally target), a friendly mana viper
(summoned, sheltered) and a friendly guardian golem (summoned).

Vanquished Creatures
  A flying skull (Gauntlet)
  A water moccasin (Lair:1)
  A worm (D:2)
  3 orcs
  An endoplasm (D:1)
  A goblin (D:1)
  A hobgoblin (D:3)
  A jackal (D:1)
  A quokka (D:3)
  A rat (D:3)
12 creatures vanquished.

Vanquished Creatures (collateral kills)
  Erolcha (D:9)
  Erica (D:10)
  A two-headed ogre (D:10)
  Lodul (D:10)
  A wizard (D:11)
  An ugly thing (D:9)
  A moth of wrath (Gauntlet)
  A black mamba (Lair:1)
  A black mamba (shapeshifter) (D:11)
  A cane toad (Lair:1)
  3 komodo dragons
  An unseen horror (D:11)
  A troll (D:11)
  8 blink frogs (Lair:1)
  A flying skull (Gauntlet)
  6 yaks
  3 wyverns
  3 wraiths
  Eustachio (D:4)
  2 basilisks (D:9)
  4 fire bats (D:10)
  A redback (Gauntlet)
  3 steam dragons
  A nameless horror (D:5)
  A hell hound (D:10)
  5 water moccasins
  2 sky beasts
  A swamp drake (D:9)
  4 orc warriors
  9 ogres
  2 ice beasts
  3 wolves (Lair:1)
  5 centaurs
  A phantom (D:7)
  6 kobold brigands
  7 bullfrogs
  A necrophage (D:6)
  4 scorpions
  5 wights (D:9)
  Dowan (D:5)
  6 killer bees
  A crimson imp (D:5)
  4 howler monkeys
  2 lava snakes (D:10)
  3 hounds
  5 orc priests
  4 jellies
  4 iguanas (D:5)
  Ijyb (D:5)
  13 orc wizards
  4 gnolls (D:2)
  9 adders
  A white imp (D:5)
  An ufetubus (D:4)
  A worm (D:2)
  46 orcs
  7 ball pythons
  5 bats
  4 endoplasms (D:3)
  5 giant cockroaches
  9 goblins
  3 hobgoblins
  2 jackals (D:1)
  35 kobolds
  5 frilled lizards
  5 rats
  A spectral goblin (D:1)
  A fire vortex (D:10)
292 creatures vanquished.

Vanquished Creatures (others)
  A two-headed ogre (D:11)
  A wizard (D:11)
  A cyclops (D:11)
  2 trolls
  2 hornets
  3 yaks (D:9)
  A redback (Gauntlet)
  Duvessa (D:5)
  A sky beast (D:6)
  An ogre (D:10)
  2 wolves (Lair:1)
  6 killer bees
  An orc (D:6)
  A demonic plant (Gauntlet)
  2 fire vortices (D:10)
  3 plants
29 creatures vanquished.

Grand Total: 333 creatures vanquished

Notes
Turn   | Place    | Note
-------+----------+-------------------------------------------
     0 | D:1      | cforsyth the Tengu Summoner began the quest for the Orb.
     0 | D:1      | Reached XP level 1. HP: 10/10 MP: 4/4
   267 | D:1      | Reached skill level 5 in Summonings
   312 | D:1      | Reached XP level 2. HP: 11/15 MP: 4/6
   335 | D:1      | Learned a level 2 spell: Call Imp
   474 | D:1      | Found Dyfos's Vocational Training.
   711 | D:1      | Found a faded altar of an unknown god.
   794 | D:1      | Found Hofu's Antique Weapon Boutique.
  1282 | D:2      | Reached XP level 3. HP: 12/19 MP: 2/7
  1483 | D:1      | Learned a level 3 spell: Call Canine Familiar
  1818 | D:2      | Reached XP level 4. HP: 21/24 MP: 2/9
  1830 | D:2      | Reached skill level 6 in Summonings
  1893 | D:2      | Learned a level 3 spell: Summon Guardian Golem
  2736 | D:3      | Gained mutation: Your magical nature lets you fly swiftly
                  | and evasively. [Tengu growth]
  2736 | D:3      | Reached XP level 5. HP: 28/28 MP: 8/11
  3221 | D:4      | Reached skill level 7 in Summonings
  3221 | D:4      | Reached XP level 6. HP: 32/32 MP: 4/13
  3262 | D:4      | Learned a level 4 spell: Summon Lightning Spire
  3318 | D:4      | Noticed Eustachio
  3322 | D:4      | Noticed a water moccasin
  3783 | D:4      | Killed a water moccasin
  3878 | D:4      | Found a shimmering blue altar of Sif Muna.
  3983 | D:4      | Reached XP level 7. HP: 36/36 MP: 7/15
  4041 | D:4      | Reached skill level 5 in Spellcasting
  4142 | D:4      | Killed Eustachio
  4143 | D:4      | Reached skill level 8 in Summonings
  4261 | D:4      | Found a staircase to the Ecumenical Temple.
  4278 | Temple   | Entered the Ecumenical Temple
  4376 | Temple   | Became a worshipper of Gozag Ym Sagoz the Greedy
  4649 | D:4      | Found a sacrificial altar of Ru.
  4870 | D:5      | Entered Level 5 of the Dungeon
  5123 | D:5      | Noticed Ijyb
  5138 | D:5      | Killed Ijyb
  5408 | D:5      | Reached skill level 9 in Summonings
  5408 | D:5      | Reached XP level 8. HP: 39/41 MP: 7/18
  5559 | D:5      | Noticed Dowan
  5567 | D:5      | Killed Dowan
  5570 | D:5      | Noticed Duvessa
  5576 | D:5      | Noticed a nameless horror
  5578 | D:5      | Killed Duvessa
  5917 | D:5      | Found Opot Ush's Jewellery Boutique.
  5948 | D:5      | Killed a nameless horror
  6511 | D:6      | Noticed a troll
  6644 | D:5      | Reached skill level 10 in Summonings
  6767 | D:5      | Killed a troll
  7013 | D:6      | Noticed a +0 dagger
  7015 | D:6      | Noticed a +0 hand axe
  7017 | D:6      | Found a hide-covered altar of Uskayaw.
  7046 | D:6      | Reached XP level 9. HP: 45/45 MP: 11/21
  7210 | D:6      | Reached skill level 11 in Summonings
  8446 | D:7      | Reached skill level 12 in Summonings
  8503 | D:7      | Found Qihed's Antique Weapon Shoppe.
  8876 | D:7      | Reached XP level 10. HP: 45/50 MP: 22/24
  9727 | D:8      | Reached skill level 13 in Summonings
  9973 | D:8      | Found an iron altar of Okawaru.
 10385 | D:9      | Found Miatiek's Tremendous Tomes.
 10781 | D:9      | Reached skill level 10 in Spellcasting
 10872 | D:9      | Noticed a purple ugly thing
 11110 | D:9      | Noticed Erolcha
 11268 | D:9      | Killed Erolcha
 11501 | D:9      | Killed a purple ugly thing
 11502 | D:9      | Reached skill level 14 in Summonings
 11655 | D:9      | Reached skill level 1 in Fighting
 11893 | D:9      | Found a staircase to the Orcish Mines.
 12070 | D:9      | Reached XP level 11. HP: 58/58 MP: 15/26
 12211 | D:9      | Found a staircase to the Lair.
 12384 | D:10     | Entered Level 10 of the Dungeon
 12432 | D:10     | Noticed Lodul
 12465 | D:10     | Killed Lodul
 12466 | D:10     | Reached skill level 5 in Dodging
 13113 | D:10     | Found Kubla's Distillery.
 13169 | D:10     | Noticed a two-headed ogre
 13182 | D:10     | Killed a two-headed ogre
 13183 | D:10     | Reached skill level 5 in Fighting
 13838 | D:10     | Learned a level 5 spell: Summon Mana Viper
 14058 | D:11     | Noticed a two-headed ogre
 14070 | D:11     | Killed a two-headed ogre
 14080 | D:11     | Noticed a fire dragon
 14178 | D:11     | Noticed Erica
 14218 | D:10     | Killed Erica
 14613 | D:11     | Noticed a wizard
 15052 | D:11     | Killed a wizard
 15053 | D:11     | Reached XP level 12. HP: 57/72 MP: 22/27
 16355 | Lair:1   | Entered Level 1 of the Lair of Beasts
 17308 | Lair:1   | Reached skill level 10 in Dodging
 17864 | Lair:1   | Found a runed translucent door.
 17864 | Lair:1   | Noticed pigah's ghost (journeyman OpWn)
 18203 | Lair:2   | Found a staircase to the Snake Pit.
 18215 | Lair:2   | Found a gate leading to a gauntlet.
 18232 | Gauntlet | Entered a Gauntlet
 18232 | Gauntlet | Found a transporter.
 18232 | Gauntlet | Found a transporter.
 18232 | Gauntlet | Found a transporter.
 18258 | Gauntlet | Found a transporter.
 18267 | Gauntlet | Found a transporter.
 18270 | Gauntlet | Found a transporter.
 18299 | Gauntlet | Found a transporter.
 18308 | Gauntlet | Found a transporter.
 18311 | Gauntlet | Noticed a blizzard demon
 18336 | Gauntlet | Found a transporter.
 18339 | Gauntlet | Found a transporter.
 18347 | Gauntlet | Found a transporter.
 18354 | Gauntlet | Found a transporter.
 18400 | Gauntlet | Identified the amulet "Fauritad" {Faith rN+ Int-2 SInv}
 18472 | Gauntlet | Noticed a deep elf knight
 18472 | Gauntlet | Noticed a deep elf knight
 18475 | Gauntlet | Noticed a deep elf knight
 18612 | Gauntlet | Identified the ring "Weral" {rF+ rCorr Str+2 Slay-4}
 18769 | Gauntlet | Identified the +1 great mace of Division {heavy, *Rage
                  | rElec rC+ Dex+2 Stlth+}
 18769 | Gauntlet | Noticed a minotaur
 18775 | Gauntlet | Demolished by a minotaur

Illustrated notes

Levels and vault maps discovered:
D:1:      saegor_arrival_simple_c, layout_basic,
          dreamdust_ecumenical_altar_drowned_temple, serial_shops,
          nicolae_shop_temple_entry_statues_fountains, nicolae_shop_vocational
D:2:      layout_loops_ring, minivault_14, chequers_mini_garden, st_stairs_5
D:3:      layout_rooms
D:4:      layout_loops_ring, general_overflow_altar, led_sif_pool,
          minmay_temple_entry_waves, minmay_misc_feat_square, uniq_eustachio
D:5:      layout_layer_cave, serial_shops, nicolae_take_the_stairs,
          minmay_fire_ice_demons, uniq_ijyb, uniq_duvessa
D:6:      minmay_octagon_keep, layout_basic, dancing_weapons_uskayaw,
          st_stairs_11, minivault_1, corexii_leaking_fountain
D:7:      layout_loops_ring, serial_shops, nicolae_stop_n_shop_1,
          minmay_misc_feat_nine_boxes
D:8:      layout_loops_ring, mainiacjoe_overflow_chevrons
D:9:      layout_irregular_city, erik_lair_dragon, hiddenorc1_lemuel,
          nicolae_shop_i_like_big_books, uniq_erolcha
D:10:     layout_roguey, serial_shops, kennysheep_mini_moat,
          hangedman_incinerator, uniq_lodul
D:11:     minmay_the_grid_octo_triangle [minmay_the_grid_octo_vomiting_pacman,
          minmay_the_grid_octo_prize_big_c, minmay_the_grid_octo_checkerflower],
          layout_basic, kb_rosetta, uniq_erica, uniq_maurice
Temple:   hc_temple_tempest_star
Lair:1:   layout_gridlike, gammafunk_ghost_grave
Lair:2:   layout_regular_city, nicolae_shoals_entry_roost, dummy_snake_entry,
          gauntlet_entry_generic, grunt_megastairs_2
Gauntlet: minmay_gauntlet_mixed_big_or_small [gammafunk_gauntlet_arena_grid,
          minmay_gauntlet_arena_77_radiant_squares,
          gammafunk_gauntlet_arena_corners, minmay_gauntlet_arena_77_two_paths,
          gammafunk_gauntlet_arena_spirals, minmay_gauntlet_arena_77_museum,
          gauntlet_exit_watery]

Skill      XL: |  1  2  3  4  5  6  7  8  9 10 11 12 |
---------------+-------------------------------------+-----
Summonings     | 5 6 7 9 10 12 14 | 14.2
Spellcasting   | 3 4 6 7 9 10 | 10.6
Fighting       | 2 7 9 |  9.6
Dodging        | 3 8 10 | 10.7
Stealth        | |  2.0

Action                     |  1- 3 |  4- 6 |  7- 9 | 10-12 || total
---------------------------+-------+-------+-------+-------++-------
  Melee: Unarmed           |    13 |    10 |    12 |    43 ||    78
         Kick              |     3 |     3 |     3 |    16 ||    25
         Peck              |     3 |     5 |     4 |    14 ||    26
   Cast: Summon Small Mamm |    37 |    29 |    64 |   102 ||   232
         Call Imp          |    14 |    14 |    29 |    46 ||   103
         Call Canine Famil |     4 |    18 |    41 |    85 ||   148
         Summon Guardian G |       |     1 |     7 |    35 ||    43
         Summon Lightning  |       |       |     5 |    23 ||    28
         Summon Mana Viper |       |       |       |    14 ||    14
 Invoke: Call Merchant     |       |       |       |     1 ||     1
    Use: Scroll            |       |       |       |    23 ||    23
         Potion            |       |       |       |     1 ||     1
   Stab: Distracted        |       |       |       |     4 ||     4
 Armour: Robe              |     6 |     6 |     9 |    18 ||    39
  Dodge: Dodged            |    50 |    33 |    61 |   173 ||   317
  Block: Other             |       |       |       |    36 ||    36
         Reflection        |       |       |       |     1 ||     1

Table legend: (Time is in decaauts)
 A = Elapsed time spent in this place.
 B = Non-inter-level travel time spent in this place.
 C = Inter-level travel time spent in this place.
 D = Time resting spent in this place.
 E = Time spent auto-exploring this place.
 F = Levels seen in this place.
 G = Mean time per level.
                   A        B        C        D        E       F      G
               +--------+--------+--------+--------+--------+-----+--------+
         Total |  18035 |  17584 |    451 |   3245 |   9836 |  15 | 1202.3 |
       Dungeon |  16026 |  15611 |    415 |   2994 |   8780 |  11 | 1456.9 |
        Temple |    100 |     89 |     11 |      0 |     72 |   1 |  100.0 |
          Lair |   1388 |   1365 |     23 |     80 |    926 |   2 |  694.0 |
      Gauntlet |    519 |    519 |      0 |    171 |     56 |   1 |  519.0 |
               +--------+--------+--------+--------+--------+-----+--------+

Top non-repeatable levels by time:
    D:10: 2541 daAuts
     D:9: 2379 daAuts
     D:5: 1941 daAuts
  Lair:1: 1360 daAuts
     D:1: 1315 daAuts
     D:2: 1252 daAuts
     D:7: 1197 daAuts
     D:8: 1154 daAuts
     D:4: 1125 daAuts
     D:6: 1077 daAuts
    D:11: 1064 daAuts
     D:3: 977 daAuts
Gauntlet: 519 daAuts
  Temple: 100 daAuts
  Lair:2: 28 daAuts
